PCL
HOUSTON HAMMERTIME @ DISTRICT 9 PRAWNS
04/17/2030
 
TOP OF THE 1ST
Houston Hammertime batting - Pitching for District 9 Prawns : RHP Isaac Pope
Pitching: RHP Isaac Pope
Batting: RHB Juan Carlos 0-0: Ball
1-0: Called Strike
1-1: Called Strike
1-2: Ground out 4-3 (Groundball, 4)
Batting: RHB Santo Cruz 0-0: Called Strike
0-1: Ball
1-1: Ball
2-1: Swinging Strike
2-2: SINGLE (Line Drive, 78S)
Batting: LHB Francisco Cardenas 0-0: Called Strike
0-1: Ball
1-1: Ball
2-1: Ball
Santo Cruz steals 2nd base
3-1: SINGLE (Line Drive, 6M)
Santo Cruz to third
Batting: LHB Marcos Cantú 0-0: Called Strike
0-1: Foul Ball, location: 2F
0-2: Ball
1-2: SINGLE (Groundball, 6MD)
Santo Cruz scores
Francisco Cardenas to second
Batting: RHB Carlos García 0-0: Ball
1-0: Foul Ball, location: 2F
1-1: Ball
2-1: Ball
3-1: Fly out, F6 (Line Drive, 6)
Lined into DP, 6-4 (Line Drive, 6)
Top of the 1st over - 1 run, 3 hits, 0 errors, 1 left on base; Houston 1 - District 9 0
BOTTOM OF THE 1ST
District 9 Prawns batting - Pitching for Houston Hammertime : RHP António Galindo
Pitching: RHP António Galindo
Batting: SHB Júlio Macías 0-0: Called Strike
0-1: Ball
1-1: Foul Ball, location: 2F
1-2: Ball
2-2: Ball
3-2: Foul Ball, location: 2F
3-2: Ground out 1-3 (Groundball, 15S)
Batting: RHB José Colón 0-0: Called Strike
0-1: Called Strike
0-2: Strikes out swinging
Batting: LHB Mike Davis 0-0: Ball
1-0: Called Strike
1-1: Fly out, F9 (Flyball, 9)
Bottom of the 1st over - 0 runs, 0 hits, 0 errors, 0 left on base; Houston 1 - District 9 0
TOP OF THE 2ND
Houston Hammertime batting - Pitching for District 9 Prawns : RHP Isaac Pope
Batting: LHB Dave Gordon 0-0: Ball
1-0: Foul Ball, location: 2F
1-1: Swinging Strike
1-2: Hit by Pitch
Batting: LHB Enrique Valentín 0-0: SINGLE (Line Drive, 34D)
Dave Gordon to second
Runner from 2nd tries for 3rd, OUT!
Batting: LHB Jeffrey Satterley 0-0: Ball
1-0: Foul Ball, location: 2F
1-1: Foul Ball, location: 2F
1-2: Ball
2-2: Ball
3-2: Base on Balls
Enrique Valentín to second
Batting: LHB David Adams 0-0: Ball
1-0: Ball
2-0: Foul Ball, location: 2F
2-1: Foul Ball, location: 2F
2-2: Ball
3-2: Foul Ball, location: 2F
3-2: Foul Ball, location: 2F
3-2: Fly out, F7 (Flyball, 7D)
Batting: RHB Juan Carlos 0-0: Ball
1-0: Called Strike
1-1: Swinging Strike
1-2: Ball
2-2: Foul Ball, location: 2F
2-2: Foul Ball, location: 2F
2-2: Ball
3-2: Foul Ball, location: 2F
3-2: Foul Ball, location: 2F
3-2: Strikes out looking
Top of the 2nd over - 0 runs, 1 hit, 0 errors, 2 left on base; Houston 1 - District 9 0
BOTTOM OF THE 2ND
District 9 Prawns batting - Pitching for Houston Hammertime : RHP António Galindo
Batting: RHB Gil Palmer 0-0: Ball
1-0: Ground out 6-3 (Groundball, 6)
Batting: LHB Jeff Thompson 0-0: Called Strike
0-1: Ball
1-1: Swinging Strike
1-2: Strikes out swinging
Batting: LHB Manuel Cardenas 0-0: Foul Ball, location: 2F
0-1: Called Strike
0-2: Ground out 4-3 (Groundball, 4D)
Bottom of the 2nd over - 0 runs, 0 hits, 0 errors, 0 left on base; Houston 1 - District 9 0
TOP OF THE 3RD
Houston Hammertime batting - Pitching for District 9 Prawns : RHP Isaac Pope
Batting: RHB Santo Cruz 0-0: Called Strike
0-1: Ball
1-1: Ball
2-1: Ball
3-1: Foul Ball, location: 2F
3-2: Foul Ball, location: 2F
3-2: Foul Ball, location: 2F
3-2: Base on Balls
Batting: LHB Francisco Cardenas 0-0: Ball
1-0: Fly out, F9 (Flyball, 9S)
Batting: LHB Marcos Cantú 0-0: Foul Ball, location: 2F
0-1: Ball
1-1: SINGLE (Line Drive, 34D)
Santo Cruz to second
Batting: RHB Carlos García 0-0: SINGLE (Line Drive, 6D)
Santo Cruz to third
Marcos Cantú to second
Runner from 3rd tries for Home, SAFE, throw made home
Batting: LHB Dave Gordon 0-0: Ball
1-0: Called Strike
1-1: Swinging Strike
1-2: Foul Ball, location: 2F
1-2: Foul Ball, location: 2F
1-2: Ball
2-2: Fly out, F9 (Line Drive, 9)
Batting: LHB Enrique Valentín 0-0: Ball
1-0: Foul Ball, location: 2F
1-1: Ball
2-1: Ground out U3 (Groundball, 3)
Top of the 3rd over - 1 run, 2 hits, 0 errors, 2 left on base; Houston 2 - District 9 0
BOTTOM OF THE 3RD
District 9 Prawns batting - Pitching for Houston Hammertime : RHP António Galindo
Batting: RHB Edgardo Carrasco 0-0: Called Strike
0-1: Ball
1-1: Ball
2-1: SINGLE (Groundball, 56S) (infield hit)
Batting: RHB Bernardo Corona 0-0: Fly out, F8 (Flyball, 89M)
Batting: RHB Alfredo Rangel 0-0: Swinging Strike
0-1: Called Strike
0-2: Ball
1-2: Ball
2-2: Foul Ball, location: 2F
2-2: Fly out, F8 (Flyball, 8RD)
Batting: SHB Júlio Macías 0-0: Ball
1-0: Foul Ball, location: 2F
1-1: Called Strike
1-2: Foul Ball, location: 2F
1-2: Strikes out swinging
Bottom of the 3rd over - 0 runs, 1 hit, 0 errors, 1 left on base; Houston 2 - District 9 0
TOP OF THE 4TH
Houston Hammertime batting - Pitching for District 9 Prawns : RHP Isaac Pope
Batting: LHB Jeffrey Satterley 0-0: Ground out 4-3 (Groundball, 4)
Batting: LHB David Adams 0-0: Ball
1-0: Ball
2-0: Fly out, F8 (Flyball, 8LXD)
Batting: RHB Juan Carlos 0-0: Ball
1-0: Called Strike
1-1: Ball
2-1: SOLO HOME RUN (Line Drive, 7D), Distance : 408 ft
Batting: RHB Santo Cruz 0-0: Ball
1-0: Ball
2-0: Ground out 6-3 (Groundball, 6)
Top of the 4th over - 1 run, 1 hit, 0 errors, 0 left on base; Houston 3 - District 9 0
BOTTOM OF THE 4TH
District 9 Prawns batting - Pitching for Houston Hammertime : RHP António Galindo
Batting: RHB José Colón 0-0: Ball
1-0: Called Strike
1-1: Ball
2-1: Called Strike
2-2: Ball
3-2: SINGLE (Line Drive, 6)
Batting: LHB Mike Davis 0-0: Ball
1-0: Ball
2-0: Called Strike
2-1: Foul Ball, location: 2F
2-2: Ball
3-2: Hit by Pitch
José Colón to second
Batting: RHB Gil Palmer 0-0: Foul Ball, location: 2F
0-1: Called Strike
0-2: Strikes out swinging
Batting: LHB Jeff Thompson 0-0: Ball
1-0: Ball
2-0: Called Strike
2-1: Swinging Strike
2-2: Foul Ball, location: 2F
2-2: Strikes out swinging
Batting: LHB Manuel Cardenas 0-0: Called Strike
0-1: Foul Ball, location: 2F
0-2: Ball
1-2: Ball
2-2: Ball
3-2: Fly out, F9 (Flyball, 9LSF)
Bottom of the 4th over - 0 runs, 1 hit, 0 errors, 2 left on base; Houston 3 - District 9 0
TOP OF THE 5TH
Houston Hammertime batting - Pitching for District 9 Prawns : RHP Isaac Pope
Batting: LHB Francisco Cardenas 0-0: Foul Ball, location: 2F
0-1: Ball
1-1: Foul Ball, location: 2F
1-2: Fly out, F7 (Flyball, 7)
Batting: LHB Marcos Cantú 0-0: Foul Ball, location: 2F
0-1: Ball
1-1: Foul Ball, location: 2F
1-2: Foul Ball, location: 2F
1-2: Ball
2-2: Ball
3-2: Fly out, F7 (Flyball, 7S)
Batting: RHB Carlos García 0-0: Ball
1-0: Foul Ball, location: 2F
1-1: Ball
2-1: Fly out, F8 (Flyball, 8RXD)
Top of the 5th over - 0 runs, 0 hits, 0 errors, 0 left on base; Houston 3 - District 9 0
BOTTOM OF THE 5TH
District 9 Prawns batting - Pitching for Houston Hammertime : RHP António Galindo
Batting: RHB Edgardo Carrasco 0-0: Called Strike
0-1: Called Strike
0-2: Ball
1-2: Fly out, F9 (Flyball, 89D)
Batting: RHB Bernardo Corona 0-0: Called Strike
0-1: Ball
1-1: Called Strike
1-2: Ball
2-2: Ground out 3-1 (Groundball, 34)
Batting: RHB Alfredo Rangel 0-0: Called Strike
0-1: Ball
1-1: Foul Ball, location: 2F
1-2: Ball
2-2: Ground out 5-3 (Groundball, 56S)
Bottom of the 5th over - 0 runs, 0 hits, 0 errors, 0 left on base; Houston 3 - District 9 0
TOP OF THE 6TH
Houston Hammertime batting - Pitching for District 9 Prawns : RHP Isaac Pope
Pitching: RHP Clayton Hawkins
Batting: LHB Dave Gordon 0-0: Called Strike
0-1: Ball
1-1: Ball
2-1: Foul Ball, location: 2F
2-2: Foul Ball, location: 2F
2-2: Ball
3-2: Base on Balls
Batting: LHB Enrique Valentín 0-0: Fly out, F8 (Flyball, 8RD)
Batting: LHB Jeffrey Satterley 0-0: Ball
1-0: Foul Ball, location: 2F
1-1: Foul Ball, location: 2F
1-2: Ball
2-2: SINGLE (Flyball, 7LS)
Dave Gordon to second
Batting: LHB David Adams 0-0: Ball
1-0: Fly out, F6 (Line Drive, 6)
Batting: RHB Juan Carlos 0-0: Ball
1-0: SINGLE (Groundball, 4MD)
Dave Gordon to third
Jeffrey Satterley to second
Runner from 3rd tries for Home, SAFE, throw made home
Batting: RHB Santo Cruz 0-0: Called Strike
0-1: Ground out 5-3 (Groundball, 56S)
Top of the 6th over - 1 run, 2 hits, 0 errors, 2 left on base; Houston 4 - District 9 0
BOTTOM OF THE 6TH
District 9 Prawns batting - Pitching for Houston Hammertime : RHP António Galindo
Batting: SHB Júlio Macías 0-0: Called Strike
0-1: Ground out 1-3 (Groundball, 13)
Batting: RHB José Colón 0-0: Fly out, F9 (Flyball, 9)
Batting: LHB Mike Davis 0-0: Ball
1-0: Called Strike
1-1: Ball
2-1: Fly out, F9 (Flyball, 9S)
Bottom of the 6th over - 0 runs, 0 hits, 0 errors, 0 left on base; Houston 4 - District 9 0
TOP OF THE 7TH
Houston Hammertime batting - Pitching for District 9 Prawns : RHP Clayton Hawkins
Batting: LHB Francisco Cardenas 0-0: Called Strike
0-1: Ball
1-1: Ball
2-1: Foul Ball, location: 2F
2-2: Ball
3-2: Ground out 4-3 (Groundball, 34D)
Batting: LHB Marcos Cantú 0-0: Foul Ball, location: 2F
0-1: Fly out, F7 (Flyball, 7)
Batting: RHB Carlos García 0-0: Ball
1-0: Swinging Strike
1-1: Ball
2-1: SINGLE (Line Drive, 78S)
Batting: LHB Dave Gordon 0-0: Swinging Strike
0-1: Swinging Strike
0-2: Ball
1-2: Fielders Choice at 2nd, 5-4 (Groundball, 5)
Top of the 7th over - 0 runs, 1 hit, 0 errors, 1 left on base; Houston 4 - District 9 0
BOTTOM OF THE 7TH
District 9 Prawns batting - Pitching for Houston Hammertime : RHP António Galindo
Batting: RHB Gil Palmer 0-0: Fly out, F5 (Popup, 5DF)
Batting: LHB Jeff Thompson 0-0: Called Strike
0-1: Ball
1-1: Foul Ball, location: 2F
1-2: Fly out, F6 (Popup, 15)
Batting: LHB Manuel Cardenas 0-0: Foul Ball, location: 2F
0-1: Swinging Strike
0-2: Foul Ball, location: 2F
0-2: Reached on error, E3 (Groundball, 34)
Batting: RHB Edgardo Carrasco 0-0: Fielders Choice at 2nd, 5-4 (Groundball, 56)
Bottom of the 7th over - 0 runs, 0 hits, 1 error, 1 left on base; Houston 4 - District 9 0
TOP OF THE 8TH
Houston Hammertime batting - Pitching for District 9 Prawns : RHP Clayton Hawkins
Batting: LHB Enrique Valentín 0-0: Ground out 4-3 (Groundball, 4)
Batting: LHB Jeffrey Satterley 0-0: Ball
1-0: Called Strike
1-1: Ball
2-1: Ground out 1-3 (Groundball, 13S)
Batting: LHB David Adams 0-0: Ball
1-0: Ball
2-0: Ball
3-0: Base on Balls
Pitching: RHP Johnathan McJannett
Batting: RHB Juan Carlos 0-0: Called Strike
0-1: Ball
David Adams steals 2nd base
1-1: Ball
2-1: Ground out U3 (Groundball, 23)
Top of the 8th over - 0 runs, 0 hits, 0 errors, 1 left on base; Houston 4 - District 9 0
BOTTOM OF THE 8TH
District 9 Prawns batting - Pitching for Houston Hammertime : RHP António Galindo
Batting: RHB Bernardo Corona 0-0: Ball
1-0: Ball
2-0: Ground out 4-3 (Groundball, 4)
Batting: RHB Alfredo Rangel 0-0: SINGLE (Line Drive, 7S)
Batting: SHB Júlio Macías 0-0: Grounds into double play, 4-6-3 (Groundball, 4D)
Bottom of the 8th over - 0 runs, 1 hit, 0 errors, 0 left on base; Houston 4 - District 9 0
TOP OF THE 9TH
Houston Hammertime batting - Pitching for District 9 Prawns : RHP Johnathan McJannett
Pitching: RHP Fernando Mendoza
Batting: RHB Santo Cruz 0-0: Foul Ball, location: 2F
0-1: Ball
1-1: Swinging Strike
1-2: Fly out, F8 (Flyball, 8RS)
Batting: LHB Francisco Cardenas 0-0: Foul Ball, location: 2F
0-1: Swinging Strike
0-2: Foul Ball, location: 2F
0-2: Ball
1-2: Ball
2-2: Ground out 4-3 (Groundball, 4)
Batting: LHB Marcos Cantú 0-0: Ball
1-0: Swinging Strike
1-1: Foul Ball, location: 2F
1-2: Ground out 6-3 (Groundball, 56)
Top of the 9th over - 0 runs, 0 hits, 0 errors, 0 left on base; Houston 4 - District 9 0
BOTTOM OF THE 9TH
District 9 Prawns batting - Pitching for Houston Hammertime : RHP António Galindo
Batting: RHB José Colón 0-0: Called Strike
0-1: Called Strike
0-2: Ball
1-2: Foul Ball, location: 2F
1-2: Foul Ball, location: 2F
1-2: Strikes out looking
Batting: LHB Mike Davis 0-0: Swinging Strike
0-1: Ball
1-1: Swinging Strike
1-2: Strikes out looking
Batting: RHB Gil Palmer 0-0: Called Strike
0-1: Ball
1-1: Called Strike
1-2: Foul Ball, location: 2F
1-2: Foul Ball, location: 2F
1-2: Foul Ball, location: 2F
1-2: Ball
2-2: Ground out 5-3 (Groundball, 56)
Bottom of the 9th over - 0 runs, 0 hits, 0 errors, 0 left on base; Houston 4 - District 9 0
Saturday, April 7th, 2018 - OOTP Baseball 18.8 Build 76